TOP OF THE 1ST |
Biloxi Shuckers batting - Pitching for Tulsa Drillers : RHP Alex Mora
|
Pitching: RHP Alex Mora
|
|
Batting: RHB Nick Cummings
|
0-0: Called Strike 0-1: Foul Ball, location: 2F 0-2: Ball 1-2: Ground out 5-3 (Groundball, 56S, EV 86.2 MPH)
|
Batting: RHB Josh Nelson
|
0-0: Ball 1-0: Swinging Strike 1-1: Ball 2-1: SINGLE (Line Drive, 78S, EV 106.2 MPH)
|
Batting: SHB Aaron Neill
|
0-0: Swinging Strike 0-1: SINGLE (Line Drive, 3D, EV 106.2 MPH) Josh Nelson to second
|
Batting: LHB Kwang-chih Men
|
0-0: Ball 1-0: Called Strike 1-1: Ball 2-1: Foul Ball, location: 2F 2-2: Ball 3-2: Fly out, F5 (Popup, 56S, EV 68.1 MPH)
|
Batting: SHB Ramon Perez
|
0-0: Swinging Strike 0-1: Ball 1-1: Called Strike 1-2: Foul Ball, location: 2F 1-2: Foul Ball, location: 2F 1-2: Ground out 1-3 (Groundball, 34S, EV 71.2 MPH)
|
Top of the 1st over - 0 runs, 2 hits, 0 errors, 2 left on base; Biloxi 0 - Tulsa 0 |
BOTTOM OF THE 1ST |
Tulsa Drillers batting - Pitching for Biloxi Shuckers : RHP Zachery Waff
|
Pitching: RHP Zachery Waff
|
|
Batting: LHB Cory Bowler
|
0-0: Ball 1-0: Foul Ball, location: 2F 1-1: Ball 2-1: Swinging Strike 2-2: Foul Ball, location: 2F 2-2: Ball 3-2: SINGLE (Groundball, 4, EV 100.0 MPH)
|
Batting: SHB Ray Luna
|
0-0: SINGLE (Line Drive, 7S, EV 96.9 MPH) Cory Bowler to second
|
Batting: LHB Nate Kee
|
0-0: Ball 1-0: Called Strike 1-1: Ball 2-1: Ball 3-1: Fly out, F6 (Line Drive, 6M, EV 80.0 MPH)
|
Batting: RHB Jonathan Sotelo
|
0-0: Called Strike 0-1: Ball 1-1: Foul Ball, location: 2F 1-2: Strikes out swinging
|
Batting: LHB Bobby Gonzalez
|
0-0: Ball 1-0: Swinging Strike 1-1: Ball 2-1: Ball 3-1: Fielders Choice at 2nd, 6-4 (Groundball, 4M, EV 106.9 MPH)
|
Bottom of the 1st over - 0 runs, 2 hits, 0 errors, 2 left on base; Biloxi 0 - Tulsa 0 |
TOP OF THE 2ND |
Biloxi Shuckers batting - Pitching for Tulsa Drillers : RHP Alex Mora
|
Batting: RHB Brian Landrum
|
0-0: Foul Ball, location: 2F 0-1: Ball 1-1: Called Strike 1-2: Ball 2-2: Strikes out swinging
|
Batting: RHB Victor Alarcon
|
0-0: Ball 1-0: Called Strike 1-1: Ball 2-1: Fly out, F8 (Flyball, 8RS, EV 90.6 MPH)
|
Batting: RHB Leo Serrano
|
0-0: Foul Ball, location: 2F 0-1: Called Strike 0-2: Foul Ball, location: 2F 0-2: Fly out, F8 (Flyball, 8RD, EV 100.0 MPH)
|
Top of the 2nd over - 0 runs, 0 hits, 0 errors, 0 left on base; Biloxi 0 - Tulsa 0 |
BOTTOM OF THE 2ND |
Tulsa Drillers batting - Pitching for Biloxi Shuckers : RHP Zachery Waff
|
Batting: RHB Jerry Blas
|
0-0: Called Strike 0-1: Ball 1-1: Called Strike 1-2: Fly out, F8 (Flyball, 8RM, EV 96.9 MPH)
|
Batting: LHB Joe Phillips
|
0-0: Ball 1-0: Ground out 5-3 (Groundball, 56, EV 103.8 MPH)
|
Batting: RHB Bob Magana
|
0-0: Called Strike 0-1: Ball 1-1: Ground out 6-3 (Groundball, 6, EV 102.5 MPH)
|
Bottom of the 2nd over - 0 runs, 0 hits, 0 errors, 0 left on base; Biloxi 0 - Tulsa 0 |
TOP OF THE 3RD |
Biloxi Shuckers batting - Pitching for Tulsa Drillers : RHP Alex Mora
|
Batting: SHB Nick Chandler
|
0-0: Swinging Strike 0-1: SOLO HOME RUN (Flyball, 9LD, EV 93.8 MPH), Distance : 331 ft
|
Batting: RHB Nick Cummings
|
0-0: Ground out 5-3 (Groundball, 56, EV 84.4 MPH)
|
Batting: RHB Josh Nelson
|
0-0: Swinging Strike 0-1: Foul Ball, location: 2F 0-2: Ball 1-2: Strikes out swinging
|
Batting: SHB Aaron Neill
|
0-0: Ground out 4-3 (Groundball, 4, EV 103.8 MPH)
|
Top of the 3rd over - 1 run, 1 hit, 0 errors, 0 left on base; Biloxi 1 - Tulsa 0 |
BOTTOM OF THE 3RD |
Tulsa Drillers batting - Pitching for Biloxi Shuckers : RHP Zachery Waff
|
Batting: LHB Randy Boone
|
0-0: Fly out, F8 (Flyball, 89D, EV 108.8 MPH)
|
Batting: LHB Cory Bowler
|
0-0: Called Strike 0-1: Ball 1-1: Ball 2-1: Ball 3-1: Foul Ball, location: 2F 3-2: Base on Balls
|
Batting: SHB Ray Luna
|
0-0: Called Strike Cory Bowler steals 2nd, throwing error, E2 Cory Bowler to third 0-1: Ball 1-1: DOUBLE (Line Drive, 7LS, EV 114.4 MPH) Cory Bowler scores
|
Batting: LHB Nate Kee
|
0-0: Fly out, F9 (Line Drive, 89M, EV 86.2 MPH)
|
Batting: RHB Jonathan Sotelo
|
0-0: Called Strike 0-1: Ball 1-1: Ground out 5-3 (Groundball, 56, EV 75.6 MPH)
|
Bottom of the 3rd over - 1 run, 1 hit, 1 error, 1 left on base; Biloxi 1 - Tulsa 1 |
TOP OF THE 4TH |
Biloxi Shuckers batting - Pitching for Tulsa Drillers : RHP Alex Mora
|
Batting: LHB Kwang-chih Men
|
0-0: Foul Ball, location: 2F 0-1: Called Strike 0-2: Strikes out swinging
|
Batting: SHB Ramon Perez
|
0-0: SINGLE (Line Drive, 8LS, EV 106.2 MPH)
|
Batting: RHB Brian Landrum
|
0-0: Ball 1-0: Called Strike 1-1: Ball 2-1: Swinging Strike 2-2: Fielders Choice at 2nd, 6-4 (Groundball, 6, EV 102.5 MPH)
|
Batting: RHB Victor Alarcon
|
0-0: Ball 1-0: Called Strike 1-1: Ball 2-1: Ground out 6-3 (Groundball, 6S, EV 82.5 MPH)
|
Top of the 4th over - 0 runs, 1 hit, 0 errors, 1 left on base; Biloxi 1 - Tulsa 1 |
BOTTOM OF THE 4TH |
Tulsa Drillers batting - Pitching for Biloxi Shuckers : RHP Zachery Waff
|
Batting: LHB Bobby Gonzalez
|
0-0: Ball 1-0: Called Strike 1-1: Swinging Strike 1-2: Ball 2-2: Strikes out looking
|
Batting: RHB Jerry Blas
|
0-0: Ball 1-0: Ground out 4-3 (Groundball, 4, EV 83.8 MPH)
|
Batting: LHB Joe Phillips
|
0-0: Ball 1-0: Called Strike 1-1: Ball 2-1: Foul Ball, location: 2F 2-2: Fly out, F4 (Line Drive, 4, EV 68.8 MPH)
|
Bottom of the 4th over - 0 runs, 0 hits, 0 errors, 0 left on base; Biloxi 1 - Tulsa 1 |
TOP OF THE 5TH |
Biloxi Shuckers batting - Pitching for Tulsa Drillers : RHP Alex Mora
|
Batting: RHB Leo Serrano
|
0-0: Foul Ball, location: 2F 0-1: Ball 1-1: Ball 2-1: Foul Ball, location: 2F 2-2: Foul Ball, location: 2F 2-2: Foul Ball, location: 2F 2-2: Fly out, F9 (Flyball, 89S, EV 96.2 MPH)
|
Batting: SHB Nick Chandler
|
0-0: Called Strike 0-1: Ball 1-1: Foul Ball, location: 2F 1-2: Ball 2-2: Strikes out swinging
|
Batting: RHB Nick Cummings
|
0-0: Foul Ball, location: 2F 0-1: Ball 1-1: Called Strike 1-2: Foul Ball, location: 2F 1-2: Ball 2-2: Ground out 5-3 (Groundball, 56, EV 110.6 MPH)
|
Top of the 5th over - 0 runs, 0 hits, 0 errors, 0 left on base; Biloxi 1 - Tulsa 1 |
BOTTOM OF THE 5TH |
Tulsa Drillers batting - Pitching for Biloxi Shuckers : RHP Zachery Waff
|
Batting: RHB Bob Magana
|
0-0: Swinging Strike 0-1: Ball 1-1: SINGLE (Line Drive, 6D, EV 106.2 MPH)
|
Batting: LHB Randy Boone
|
0-0: Fly out, F7 (Flyball, 78S, EV 73.8 MPH)
|
Batting: LHB Cory Bowler
|
0-0: Ball 1-0: Called Strike 1-1: Fly out, F8 (Flyball, 78M, EV 83.1 MPH)
|
Batting: SHB Ray Luna
|
0-0: Fly out, F4 (Line Drive, 4M, EV 75.6 MPH)
|
Bottom of the 5th over - 0 runs, 1 hit, 0 errors, 1 left on base; Biloxi 1 - Tulsa 1 |
TOP OF THE 6TH |
Biloxi Shuckers batting - Pitching for Tulsa Drillers : RHP Alex Mora
|
Batting: RHB Josh Nelson
|
0-0: Ball 1-0: Ground out 6-3 (Groundball, 6M, EV 86.2 MPH)
|
Batting: SHB Aaron Neill
|
0-0: Ball 1-0: Foul Ball, location: 2F 1-1: Ball 2-1: Swinging Strike 2-2: Strikes out swinging
|
Batting: LHB Kwang-chih Men
|
0-0: Ground out 4-3 (Groundball, 4D, EV 104.4 MPH)
|
Top of the 6th over - 0 runs, 0 hits, 0 errors, 0 left on base; Biloxi 1 - Tulsa 1 |
BOTTOM OF THE 6TH |
Tulsa Drillers batting - Pitching for Biloxi Shuckers : RHP Zachery Waff
|
Batting: LHB Nate Kee
|
0-0: Called Strike 0-1: Ball 1-1: Ball 2-1: Ball 3-1: Called Strike 3-2: Fly out, F7 (Flyball, 7S, EV 88.1 MPH)
|
Batting: RHB Jonathan Sotelo
|
0-0: Ground out U3 (Groundball, 3S, EV 78.1 MPH)
|
Batting: LHB Bobby Gonzalez
|
0-0: Ball 1-0: Ball 2-0: Foul Ball, location: 2F 2-1: SINGLE (Flyball, 8RS, EV 93.1 MPH)
|
Batting: RHB Jerry Blas
|
0-0: Called Strike 0-1: Ball 1-1: Ball 2-1: Fielders Choice at 2nd, 5-4 (Groundball, 5, EV 91.2 MPH)
|
Bottom of the 6th over - 0 runs, 1 hit, 0 errors, 1 left on base; Biloxi 1 - Tulsa 1 |
TOP OF THE 7TH |
Biloxi Shuckers batting - Pitching for Tulsa Drillers : RHP Alex Mora
|
Batting: SHB Ramon Perez
|
0-0: Ball 1-0: Foul Ball, location: 2F 1-1: SINGLE (Groundball, 6MD, EV 104.4 MPH)
|
Batting: RHB Brian Landrum
|
0-0: Called Strike 0-1: Ball 1-1: Ball 2-1: Swinging Strike 2-2: SINGLE (Groundball, 34, EV 103.8 MPH) (infield hit) Ramon Perez to second
|
Pinch Runner at 1st Jason Raker:
|
|
Batting: RHB Victor Alarcon
|
0-0: SINGLE (Line Drive, 4M, EV 106.9 MPH) Ramon Perez to third Jason Raker to second
|
Batting: RHB Leo Serrano
|
0-0: Grounds into fielders choice 6-2 (Groundball, 6, EV 85.0 MPH) Jason Raker to third Victor Alarcon to second
|
Batting: SHB Nick Chandler
|
0-0: Ball 1-0: Foul Ball, location: 2F 1-1: Foul Ball, location: 2F 1-2: Ball 2-2: Grounds into fielders choice 4-2 (Groundball, 4, EV 99.4 MPH) Victor Alarcon to third Leo Serrano to second
|
Batting: RHB Nick Cummings
|
0-0: Foul Ball, location: 2F 0-1: Ball 1-1: Swinging Strike 1-2: Fly out, F2 (Popup, 2LF, EV 88.1 MPH)
|
Top of the 7th over - 0 runs, 3 hits, 0 errors, 3 left on base; Biloxi 1 - Tulsa 1 |
BOTTOM OF THE 7TH |
Tulsa Drillers batting - Pitching for Biloxi Shuckers : RHP Zachery Waff
|
Now at SS: Rick Campbell
|
|
Batting: LHB Joe Phillips
|
0-0: Ball 1-0: Ball 2-0: Called Strike 2-1: Foul Ball, location: 2F 2-2: Ball 3-2: Foul Ball, location: 2F 3-2: Fly out, F7 (Line Drive, 78M, EV 89.4 MPH)
|
Batting: RHB Bob Magana
|
0-0: SINGLE (Groundball, 56D, EV 106.9 MPH)
|
Batting: LHB Randy Boone
|
0-0: Ball 1-0: SINGLE (Groundball, 34, EV 110.0 MPH) Bob Magana to second Runner from 2nd tries for 3rd, SAFE, no throw by RF
|
Pitching: RHP Zack Sharp
|
|
Batting: LHB Cory Bowler
|
0-0: Called Strike Randy Boone steals 2nd base 0-1: Called Strike 0-2: Strikes out swinging
|
Batting: SHB Ray Luna
|
0-0: SINGLE (Line Drive, 5D, EV 110.0 MPH) Bob Magana scores Randy Boone to third
|
Batting: LHB Nate Kee
|
0-0: Ball 1-0: Foul Ball, location: 2F 1-1: Ball 2-1: Foul Ball, location: 2F 2-2: Foul Ball, location: 2F 2-2: Foul Ball, location: 2F 2-2: Foul Ball, location: 2F 2-2: Ground out 4-3 (Groundball, 34S, EV 86.2 MPH)
|
Bottom of the 7th over - 1 run, 3 hits, 0 errors, 2 left on base; Biloxi 1 - Tulsa 2 |
TOP OF THE 8TH |
Biloxi Shuckers batting - Pitching for Tulsa Drillers : RHP Alex Mora
|
Batting: RHB Josh Nelson
|
0-0: Ball 1-0: SINGLE (Line Drive, 6D, EV 97.5 MPH)
|
Batting: SHB Aaron Neill
|
0-0: SINGLE (Groundball, 4M, EV 110.6 MPH) Josh Nelson to second
|
Batting: LHB Kwang-chih Men
|
0-0: Ball 1-0: Fielders Choice at 2nd, 4-6 (Groundball, 4, EV 88.1 MPH) Josh Nelson to third
|
Batting: SHB Ramon Perez
|
0-0: Foul Ball, location: 2F 0-1: Ball 1-1: Ball 2-1: Foul Ball, location: 2F 2-2: Strikes out swinging
|
Pitching: RHP Shane Walker
|
|
Batting: LHB Rick Campbell
|
0-0: Called Strike 0-1: Called Strike 0-2: Strikes out swinging
|
Top of the 8th over - 0 runs, 2 hits, 0 errors, 2 left on base; Biloxi 1 - Tulsa 2 |
BOTTOM OF THE 8TH |
Tulsa Drillers batting - Pitching for Biloxi Shuckers : RHP Zack Sharp
|
Batting: RHB Jonathan Sotelo
|
0-0: Fly out, F9 (Flyball, 89M, EV 81.9 MPH)
|
Batting: LHB Bobby Gonzalez
|
0-0: Fly out, F7 (Line Drive, 7, EV 85.0 MPH)
|
Batting: RHB Jerry Blas
|
0-0: Called Strike 0-1: Called Strike 0-2: Ball 1-2: Foul Ball, location: 2F 1-2: Ball 2-2: Fly out, F8 (Line Drive, 8RD, EV 92.5 MPH)
|
Bottom of the 8th over - 0 runs, 0 hits, 0 errors, 0 left on base; Biloxi 1 - Tulsa 2 |
TOP OF THE 9TH |
Biloxi Shuckers batting - Pitching for Tulsa Drillers : RHP Shane Walker
|
Pitching: RHP Jeff Dailey
|
|
Batting: RHB Victor Alarcon
|
0-0: Foul Ball, location: 2F 0-1: Ball 1-1: Swinging Strike 1-2: Strikes out swinging
|
Batting: RHB Leo Serrano
|
0-0: Ball 1-0: SINGLE (Groundball, 34D, EV 100.0 MPH)
|
Batting: SHB Nick Chandler
|
0-0: Ball 1-0: Called Strike 1-1: Swinging Strike 1-2: Foul Ball, location: 2F 1-2: Ball 2-2: Strikes out swinging
|
Batting: RHB Nick Cummings
|
0-0: Ball 1-0: Foul Ball, location: 2F 1-1: Ball 2-1: Foul Ball, location: 2F 2-2: Strikes out swinging
|
Top of the 9th over - 0 runs, 1 hit, 0 errors, 1 left on base; Biloxi 1 - Tulsa 2 |
|